 Dungeon Sprint DCSS version 0.16-a0-4004-g8d6611c (webtiles) character file.

12700000 PolkaDot the Grand Master (level 27, -9/323 HPs)
             Began as a Demonspawn Gladiator on Feb 15, 2015.
             Was the Champion of Makhleb.
             Mangled by a meat berserker
             ... wielding a +9 battleaxe
              (70 damage)
             ... in the Dungeon (Sprint VIII: "Arena of Blood").
             The game lasted 00:05:27 (127 turns).

PolkaDot the Grand Master (Demonspawn Gladiator)     Turns: 127, Time: 00:05:28

Health: -9/323     AC:  6    Str: 22    XL:     27
Magic:  49/49      EV: 44    Int: 12    God:    Makhleb [******]
Gold:   0          SH:  0    Dex: 28    Spells: 0 memorised, 80 levels left

rFire  . . .     SeeInvis +     k - +∞ Axe of Woe
rCold  . . .     Clarity  .     b - +0 leather armour
rNeg   . . .     SustAb   .     (no shield)
rPois  .         Gourm    .     (helmet unavailable)
rElec  .         Spirit   .     (no cloak)
rCorr  .         Warding  .     (gloves unavailable)
rMut   .         NoTele   +     (boots unavailable)
MR     ++...                    (no amulet)
Stlth  ++++++++++               (no ring)
                                (no ring)

@: mighty, agile, marked, slowed, very slow, very resistant to hostile
enchantments, uncannily stealthy
A: antennae 3, claws 3, talons 3, foul stench 2, powered by pain 3, robust 3,
rot immunity
a: Minor Destruction, Lesser Servant of Makhleb, Major Destruction, Greater
Servant of Makhleb, Renounce Religion


You were in the Dungeon.
You worshipped Makhleb.
Makhleb was exalted by your worship.
You were not hungry.

You visited 1 branch

Inventory:

Hand weapons
 k - the +∞ Axe of Woe (weapon)
   (You found it in the Dungeon)
Missiles
 d - 3 throwing nets (quivered)
Armour
 b - a +0 leather armour (worn)
 c - a +0 helmet
Scrolls
 j - a scroll of blinking
Potions
 e - a potion of curing
 f - a potion of heal wounds
 g - a potion of haste
 h - 2 potions of magic
 i - a potion of berserk rage
Comestibles
 a - a bread ration


   Skills:
 O Level 27 Fighting
 O Level 27 Axes
 O Level 27 Throwing
 O Level 27 Armour
 O Level 27 Dodging
 O Level 27 Stealth
 O Level 27 Unarmed Combat
 O Level 27 Spellcasting
 O Level 27 Invocations


You had 80 spell levels left.
You didn't know any spells.

Dungeon Overview and Level Annotations

Branches:
Dungeon (1/1)

Altars:
Makhleb

Annotations:
D The Defiler


Innate Abilities, Weirdness & Mutations

You have a pair of large antennae on your head (SInv).
You have claws for hands.
You have claws for feet.
You radiate miasma.
You are powered by pain.
You are extremely robust (+30% HP).
You are immune to rotting.


Message History

The meat beast roars, "Give up, thou warped dizzy-eyed slabber!"
You hear a shout! x3
The dread throws hellfire at you.
The hellfire explodes!
The burst of hellfire engulfs you!
* * * LOW HITPOINT WARNING * * *
The burst of hellfire engulfs the meat berserker.
The eight-headed meat hydra calls on the powers of darkness!
The eight-headed meat hydra convulses!
The bag of meat convulses!
The bag of meat convulses! x3
The meat berserker convulses! x2
The bag of meat convulses! x3
The fleshlord convulses!
The bag of meat convulses!
Your body is wracked with pain!
* * * LOW HITPOINT WARNING * * *
You focus on the pain.
You feel mightier all of a sudden.
You hear a shout! x4
The meat berserker is engulfed in roaring flames.
The meat berserker hits you with a +9 battleaxe!!!
You die...

#################
#...%.%O@§x...%.###
..p..o%§§Xx..p%.%..
..oo##o##)#####§..
....{o..§ooz{.o...
#..{oW##{##.o.....
...DWX{{{{{X2S....
..oooz{{#{#.@.....
..OOX.{§{{..o..##
........{{....o..


You could see a meat beast, an eight-headed meat hydra, a scourge, 2 fleshlords,
2 sculptors of flesh, 4 large abominations, The Defiler, 2 dreads, 3 meat
berserkers and 12 bags of meat.

Vanquished Creatures
  Sigmund (D)
  2 greater mummies (D)
  11 hell beasts (D)
  9 hill giants (D)
  A hydra (D)
  2 liches (D)
  40 ogres (D)
  88 orcs (D)
  A phantom (D)
  5 skeletal warriors (D)
  12 vampire knights (D)
  A wraith (D)
  2 tentacled monstrosities (D)
  5 small abominations (D)
  A soul eater (D)
  14 large abominations (D)
  22 crawling corpses (D)
217 creatures vanquished.

Vanquished Creatures (others)
  2 large abominations (D)
  3 crawling corpses (D)
5 creatures vanquished.

Grand Total: 222 creatures vanquished

Notes
Turn   | Place    | Note
--------------------------------------------------------------
     0 | D        | PolkaDot, the Demonspawn Gladiator, began the quest for the Orb.
     0 | D        | Reached XP level 1. HP: 16/16 MP: 1/1
     3 | D        | Noticed a bag of meat
     3 | D        | Noticed a bag of meat
     3 | D        | Noticed a meat berserker
     4 | D        | Became a worshipper of Makhleb the Destroyer
     5 | D        | Noticed a bag of meat
     5 | D        | Noticed a bag of meat
     6 | D        | Noticed a meat berserker
     7 | D        | Killed a bag of meat
     7 | D        | Reached skill level 9 in Fighting
     7 | D        | Reached skill level 15 in Dodging
     7 | D        | Reached skill level 15 in Unarmed Combat
     7 | D        | Gained mutation: You have sharp fingernails. [demonic ancestry]
     7 | D        | Reached XP level 2. HP: 20/35 MP: 2/2
     7 | D        | Gained mutation: You have sharp toenails. [demonic ancestry]
     7 | D        | Reached XP level 3. HP: 23/41 MP: 3/3
     7 | D        | Gained mutation: You are immune to rotting. [demonic ancestry]
     7 | D        | Reached XP level 4. HP: 26/47 MP: 4/4
     7 | D        | Reached XP level 5. HP: 29/53 MP: 5/5
     7 | D        | Gained mutation: You sometimes gain a little power by taking damage. [demonic ancestry]
     7 | D        | Reached XP level 6. HP: 32/60 MP: 6/6
     7 | D        | Reached XP level 7. HP: 34/65 MP: 7/7
     7 | D        | Reached XP level 8. HP: 37/72 MP: 8/8
     7 | D        | Gained mutation: You have razor-sharp toenails. [demonic ancestry]
     7 | D        | Reached XP level 9. HP: 40/78 MP: 9/9
     7 | D        | Gained mutation: You have a pair of small antennae on your head. [demonic ancestry]
     7 | D        | Reached XP level 10. HP: 43/85 MP: 10/10
     7 | D        | Gained mutation: You emit a foul stench. [demonic ancestry]
     7 | D        | Reached XP level 11. HP: 45/90 MP: 11/11
     8 | D        | Killed a bag of meat
     8 | D        | Acquired Makhleb's first power
     8 | D        | Reached skill level 10 in Throwing
     8 | D        | Reached skill level 18 in Dodging
     8 | D        | Gained mutation: You have a pair of antennae on your head. [demonic ancestry]
     8 | D        | Reached XP level 12. HP: 48/100 MP: 12/12
     8 | D        | Killed a meat berserker
     8 | D        | Reached skill level 19 in Dodging
     8 | D        | Gained mutation: You have very sharp fingernails. [demonic ancestry]
     8 | D        | Reached XP level 13. HP: 50/109 MP: 13/13
     9 | D        | Noticed a bag of meat
     9 | D        | Noticed a meat berserker
     9 | D        | Noticed a meat berserker
     9 | D        | Noticed a meat berserker
     9 | D        | Noticed a bag of meat
     9 | D        | Killed a meat berserker
     9 | D        | Acquired Makhleb's second power
     9 | D        | Reached skill level 20 in Dodging
     9 | D        | Killed a bag of meat
     9 | D        | Reached skill level 21 in Dodging
     9 | D        | Reached XP level 14. HP: 115/119 MP: 14/14
    10 | D        | Noticed a bag of meat
    10 | D        | Noticed a bag of meat
    11 | D        | Noticed a meat berserker
    11 | D        | Noticed a meat berserker
    11 | D        | Killed a bag of meat
    11 | D        | Acquired Makhleb's third power
    11 | D        | Reached skill level 5 in Axes
    11 | D        | Reached skill level 22 in Dodging
    11 | D        | Killed a bag of meat
    11 | D        | Reached skill level 15 in Fighting
    11 | D        | Reached skill level 1 in Armour
    11 | D        | Reached skill level 23 in Unarmed Combat
    11 | D        | Gained mutation: You sometimes gain power by taking damage. [demonic ancestry]
    11 | D        | Reached XP level 15. HP: 103/129 MP: 15/15
    11 | D        | Killed a meat berserker
    11 | D        | Acquired Makhleb's fourth power
    11 | D        | Killed a meat berserker
    11 | D        | Reached skill level 24 in Dodging
    11 | D        | Noticed a bag of meat
    12 | D        | Noticed a bag of meat
    12 | D        | Noticed a bag of meat
    12 | D        | Noticed a bag of meat
    12 | D        | Noticed a bag of meat
    12 | D        | Killed a meat berserker
    12 | D        | Reached skill level 25 in Unarmed Combat
    12 | D        | Noticed a bag of meat
    13 | D        | Noticed a bag of meat
    13 | D        | Noticed a meat berserker
    13 | D        | Noticed a bag of meat
    13 | D        | Noticed a meat berserker
    13 | D        | Killed a meat berserker
    13 | D        | Acquired Makhleb's fifth power
    13 | D        | Reached XP level 16. HP: 139/141 MP: 16/16
    13 | D        | Killed a meat berserker
    13 | D        | Reached skill level 10 in Axes
    13 | D        | Reached skill level 26 in Unarmed Combat
    13 | D        | Killed a bag of meat
    14 | D        | Noticed a bag of meat
    14 | D        | Noticed a bag of meat
    14 | D        | Noticed a bag of meat
    14 | D        | Noticed a bag of meat
    14 | D        | Killed a meat berserker
    14 | D        | Reached skill level 15 in Throwing
    14 | D        | Reached skill level 27 in Dodging
    14 | D        | Reached skill level 27 in Unarmed Combat
    14 | D        | Killed a bag of meat
    14 | D        | Gained mutation: You have a pair of large antennae on your head (SInv). [demonic ancestry]
    14 | D        | Reached XP level 17. HP: 151/155 MP: 17/17
    15 | D        | Noticed a bag of meat
    15 | D        | Noticed a bag of meat
    15 | D        | Killed a bag of meat
    15 | D        | Reached skill level 15 in Axes
    15 | D        | Reached skill level 5 in Armour
    15 | D        | Killed a bag of meat
    16 | D        | Noticed a bag of meat
    16 | D        | Noticed a bag of meat
    16 | D        | Noticed a bag of meat
    16 | D        | Noticed a bag of meat
    16 | D        | Killed a bag of meat
    16 | D        | Killed a bag of meat
    16 | D        | Killed a bag of meat
    16 | D        | Gained mutation: You are powered by pain. [demonic ancestry]
    16 | D        | Reached XP level 18. HP: 172/175 MP: 18/18
    16 | D        | Killed a bag of meat
    17 | D        | Killed a bag of meat
    17 | D        | Killed a bag of meat
    17 | D        | Killed a meat berserker
    17 | D        | Reached skill level 27 in Fighting
    18 | D        | Noticed a bag of meat
    18 | D        | Killed a bag of meat
    18 | D        | Reached skill level 10 in Armour
    19 | D        | Killed a bag of meat
    19 | D        | Gained mutation: You have claws for hands. [demonic ancestry]
    19 | D        | Reached XP level 19. HP: 189/189 MP: 18/18
    19 | D        | Killed a bag of meat
    19 | D        | Reached skill level 27 in Axes
    20 | D        | Noticed a bag of meat
    20 | D        | Noticed a meat berserker
    20 | D        | Killed a bag of meat
    20 | D        | Killed a bag of meat
    21 | D        | Noticed a meat berserker
    21 | D        | Killed a bag of meat
    21 | D        | Reached skill level 15 in Armour
    21 | D        | Killed a bag of meat
    21 | D        | Reached skill level 27 in Throwing
    22 | D        | Noticed a large bag of meat
    22 | D        | Killed a bag of meat
    22 | D        | Gained mutation: You have claws for feet. [demonic ancestry]
    22 | D        | Reached XP level 20. HP: 197/197 MP: 19/19
    22 | D        | Killed a bag of meat
    23 | D        | Noticed a bag of meat
    23 | D        | Killed a bag of meat
    24 | D        | Noticed a bag of meat
    24 | D        | Killed a bag of meat
    24 | D        | Killed a bag of meat
    24 | D        | Reached skill level 27 in Armour
    25 | D        | Noticed a meat berserker
    25 | D        | Killed a meat berserker
    25 | D        | Reached skill level 10 in Invocations
    26 | D        | Noticed a large bag of meat
    26 | D        | Noticed a meat berserker
    26 | D        | Noticed a bag of meat
    27 | D        | Noticed a bag of meat
    27 | D        | Killed a bag of meat
    27 | D        | Reached skill level 10 in Spellcasting
    27 | D        | Killed a meat berserker
    27 | D        | Reached XP level 21. HP: 204/204 MP: 19/38
    28 | D        | Noticed a bag of meat
    30 | D        | Noticed a large bag of meat
    30 | D        | Noticed a destroyer
    31 | D        | Killed a meat berserker
    32 | D        | Noticed a bag of meat
    32 | D        | Noticed a bag of meat
    32 | D        | Noticed a bag of meat
    33 | D        | Noticed a bag of meat
    33 | D        | Noticed a bag of meat
    33 | D        | Noticed a destroyer
    34 | D        | Noticed a sculptor of flesh
    34 | D        | Killed a destroyer
    34 | D        | Reached skill level 15 in Spellcasting
    36 | D        | Noticed a meat berserker
    36 | D        | Noticed a meat berserker
    37 | D        | Noticed a bag of meat
    38 | D        | Noticed a large bag of meat
    38 | D        | Noticed a bag of meat
    38 | D        | Noticed a bag of meat
    40 | D        | Killed a meat berserker
    41 | D        | Killed a meat berserker
    42 | D        | Killed a bag of meat
    42 | D        | Killed a bag of meat
    43 | D        | Killed a large bag of meat
    43 | D        | Killed a bag of meat
    43 | D        | Reached skill level 27 in Invocations
    44 | D        | Killed a bag of meat
    44 | D        | Gained mutation: You radiate miasma. [demonic ancestry]
    44 | D        | Reached XP level 22. HP: 212/212 MP: 43/45
    45 | D        | Noticed a tyrant
    45 | D        | Killed a large bag of meat
    46 | D        | Noticed a meat berserker
    46 | D        | Noticed a destroyer
    46 | D        | Killed a bag of meat
    46 | D        | Killed a destroyer
    46 | D        | Killed a bag of meat
    46 | D        | Reached skill level 27 in Stealth
    47 | D        | Killed a bag of meat
    47 | D        | Reached skill level 27 in Spellcasting
    47 | D        | Killed a bag of meat
    48 | D        | Noticed an accursed
    49 | D        | Killed a bag of meat
    49 | D        | Killed a large bag of meat
    49 | D        | Killed a large bag of meat
    50 | D        | Killed a sculptor of flesh
    50 | D        | Reached XP level 23. HP: 197/219 MP: 48/48
    50 | D        | Killed a bag of meat
    51 | D        | Killed a bag of meat
    52 | D        | Killed a meat berserker
    52 | D        | Killed a destroyer
    52 | D        | Killed a bag of meat
    52 | D        | Killed a bag of meat
    55 | D        | Noticed a meat berserker
    56 | D        | Killed an accursed
    57 | D        | Noticed a meat berserker
    57 | D        | Killed a tyrant
    59 | D        | Noticed a meat berserker
    59 | D        | Killed a meat berserker
    60 | D        | Noticed a meat berserker
    61 | D        | Noticed a sculptor of flesh
    61 | D        | Noticed a meat beast
    62 | D        | Noticed a bag of meat
    63 | D        | Killed a meat berserker
    63 | D        | Gained mutation: You are robust (+10% HP). [demonic ancestry]
    63 | D        | Reached XP level 24. HP: 219/249 MP: 48/48
    64 | D        | Noticed The Captor
    64 | D        | Noticed a meat berserker
    64 | D        | Noticed a meat beast
    64 | D        | Killed a meat berserker
    65 | D        | Killed a meat berserker
    66 | D        | Killed a meat beast
    66 | D        | Killed a meat beast
    67 | D        | Noticed a meat beast
    69 | D        | Noticed a meat berserker
    69 | D        | Noticed a meat beast
    69 | D        | Killed a meat berserker
    70 | D        | Killed a meat beast
    70 | D        | Killed The Captor
    71 | D        | Noticed a meat beast
    72 | D        | Noticed a meat berserker
    72 | D        | Noticed a large bag of meat
    72 | D        | Killed a bag of meat
    73 | D        | Noticed a meat berserker
    73 | D        | Noticed a bag of meat
    73 | D        | Killed a meat beast
    74 | D        | Noticed a bag of meat
    74 | D        | Noticed a bag of meat
    74 | D        | Noticed a destroyer
    74 | D        | Noticed a meat berserker
    74 | D        | Noticed a destroyer
    74 | D        | Noticed a meat berserker
    74 | D        | Killed a sculptor of flesh
    74 | D        | Gained mutation: You are very robust (+20% HP). [demonic ancestry]
    74 | D        | Reached XP level 25. HP: 249/280 MP: 49/49
    75 | D        | Noticed a meat beast
    75 | D        | Noticed a bag of meat
    75 | D        | Noticed a destroyer
    75 | D        | Noticed a sculptor of flesh
    75 | D        | Noticed a meat beast
    75 | D        | Killed a meat berserker
    75 | D        | Killed a meat beast
    75 | D        | Killed a meat beast
    76 | D        | Noticed a bag of meat
    76 | D        | Noticed a bag of meat
    76 | D        | Noticed a meat berserker
    76 | D        | Noticed a bag of meat
    76 | D        | Noticed a bag of meat
    76 | D        | Noticed a tyrant
    76 | D        | Noticed a bag of meat
    76 | D        | Noticed a bag of meat
    77 | D        | Noticed a bag of meat
    77 | D        | Noticed a destroyer
    77 | D        | Noticed a meat beast
    78 | D        | Noticed a bag of meat
    78 | D        | Noticed a large bag of meat
    78 | D        | Noticed a destroyer
    78 | D        | Noticed a meat beast
    79 | D        | Noticed a large bag of meat
    79 | D        | Killed a destroyer
    79 | D        | Killed a meat berserker
    79 | D        | Killed a meat berserker
    80 | D        | Noticed a bag of meat
    80 | D        | Noticed a wretched soul
    80 | D        | Noticed a destroyer
    80 | D        | Noticed a sculptor of flesh
    80 | D        | Noticed a destroyer
    80 | D        | Killed a meat beast
    80 | D        | Killed a destroyer
    81 | D        | Noticed a sculptor of flesh
    81 | D        | Noticed a bag of meat
    81 | D        | Noticed a bag of meat
    81 | D        | Killed a meat berserker
    82 | D        | Noticed a bag of meat
    82 | D        | Noticed a sculptor of flesh
    82 | D        | Noticed a meat berserker
    82 | D        | Noticed a sculptor of flesh
    82 | D        | Noticed a tyrant
    82 | D        | Killed a destroyer
    82 | D        | Killed a destroyer
    82 | D        | Gained mutation: You are extremely robust (+30% HP). [demonic ancestry]
    82 | D        | Reached XP level 26. HP: 280/314 MP: 49/49
    82 | D        | Killed a bag of meat
    83 | D        | Noticed a bag of meat
    83 | D        | Noticed a bag of meat
    83 | D        | Noticed a bag of meat
    83 | D        | Killed a bag of meat
    83 | D        | Killed a meat berserker
    83 | D        | Killed a destroyer
    84 | D        | Noticed a bag of meat
    84 | D        | Noticed a meat berserker
    84 | D        | Killed a meat berserker
    85 | D        | Noticed a meat berserker
    85 | D        | Noticed a bag of meat
    86 | D        | Noticed a bag of meat
    86 | D        | Noticed a meat berserker
    86 | D        | Killed a large bag of meat
    86 | D        | Killed a bag of meat
    86 | D        | Killed a bag of meat
    87 | D        | Noticed a bag of meat
    87 | D        | Noticed a meat berserker
    87 | D        | Noticed a bag of meat
    87 | D        | Killed a bag of meat
    88 | D        | Killed a large bag of meat
    88 | D        | Killed a destroyer
    89 | D        | Noticed a dread
    90 | D        | Noticed a destroyer
    90 | D        | Noticed a meat beast
    90 | D        | Killed a bag of meat
    90 | D        | Killed a bag of meat
    90 | D        | Reached XP level 27. HP: 323/323 MP: 49/49
    90 | D        | Killed a meat beast
    91 | D        | Noticed a bag of meat
    91 | D        | Noticed a bag of meat
    91 | D        | Noticed a large bag of meat
    91 | D        | Killed a meat berserker
    91 | D        | Killed a meat beast
    92 | D        | Noticed a bag of meat
    92 | D        | Killed a bag of meat
    92 | D        | Killed a bag of meat
    92 | D        | Killed a destroyer
    93 | D        | Noticed a meat berserker
    93 | D        | Noticed a sculptor of flesh
    93 | D        | Noticed a meat beast
    93 | D        | Killed a bag of meat
    93 | D        | Killed a bag of meat
    94 | D        | Killed a meat berserker
    94 | D        | Killed a bag of meat
    94 | D        | Killed a meat berserker
    95 | D        | Noticed a meat berserker
    95 | D        | Noticed a bag of meat
    95 | D        | Killed a bag of meat
    96 | D        | Noticed a bag of meat
    96 | D        | Killed a bag of meat
    96 | D        | Killed a tyrant
    96 | D        | Killed a meat beast
    97 | D        | Noticed a meat berserker
    97 | D        | Noticed a meat berserker
    97 | D        | Killed a bag of meat
    97 | D        | Killed a bag of meat
    97 | D        | Killed a bag of meat
    98 | D        | Noticed a bag of meat
    98 | D        | Noticed a bag of meat
    98 | D        | Noticed a bag of meat
    98 | D        | Noticed a meat berserker
    98 | D        | Noticed a meat beast
    98 | D        | Killed a bag of meat
    98 | D        | Killed a meat berserker
    99 | D        | Noticed a large bag of meat
    99 | D        | Noticed a bag of meat
    99 | D        | Killed a meat berserker
    99 | D        | Killed a bag of meat
   100 | D        | Noticed a meat berserker
   100 | D        | Noticed a destroyer
   100 | D        | Noticed a bag of meat
   100 | D        | Killed a meat berserker
   100 | D        | Killed a bag of meat
   100 | D        | Killed a large bag of meat
   101 | D        | Killed a sculptor of flesh
   102 | D        | Noticed a bag of meat
   102 | D        | Killed a bag of meat
   102 | D        | Killed a bag of meat
   102 | D        | Killed a meat berserker
   103 | D        | Noticed a bag of meat
   103 | D        | Noticed a bag of meat
   104 | D        | Noticed an accursed
   104 | D        | Killed a meat berserker
   104 | D        | Killed a sculptor of flesh
   105 | D        | Noticed a bag of meat
   105 | D        | Noticed a bag of meat
   105 | D        | Killed a wretched soul
   106 | D        | Noticed a bag of meat
   106 | D        | Noticed a bag of meat
   106 | D        | Noticed a bag of meat
   106 | D        | Killed a bag of meat
   106 | D        | Killed a bag of meat
   107 | D        | Killed a bag of meat
   108 | D        | Noticed a bag of meat
   108 | D        | Killed a meat berserker
   108 | D        | Killed a bag of meat
   109 | D        | Noticed a bag of meat
   109 | D        | Killed a bag of meat
   110 | D        | Noticed a meat berserker
   110 | D        | Killed a dread
   110 | D        | Killed a large bag of meat
   111 | D        | Killed a bag of meat
   112 | D        | Noticed a bag of meat
   112 | D        | Killed a sculptor of flesh
   112 | D        | Killed a bag of meat
   112 | D        | Killed a bag of meat
   113 | D        | Killed a bag of meat
   113 | D        | Killed a destroyer
   113 | D        | Killed a bag of meat
   114 | D        | Noticed a meat beast
   114 | D        | Killed a meat berserker
   115 | D        | Noticed a bag of meat
   115 | D        | Noticed a bag of meat
   115 | D        | Noticed a bag of meat
   115 | D        | Killed a meat berserker
   116 | D        | Noticed a bag of meat
   116 | D        | Killed a bag of meat
   116 | D        | Killed a bag of meat
   117 | D        | Noticed a meat berserker
   117 | D        | Noticed a bag of meat
   117 | D        | Killed a meat berserker
   117 | D        | Killed a bag of meat
   118 | D        | Noticed a bag of meat
   118 | D        | Killed a meat berserker
   118 | D        | Killed a meat beast
   118 | D        | Killed a bag of meat
   119 | D        | Noticed a bag of meat
   120 | D        | Noticed a bag of meat
   120 | D        | Noticed a dread
   120 | D        | Noticed a bag of meat
   120 | D        | Killed a large bag of meat
   120 | D        | Killed a bag of meat
   120 | D        | Killed an accursed
   121 | D        | Noticed a bag of meat
   121 | D        | Noticed a dread
   122 | D        | Noticed a fleshlord
   122 | D        | Noticed a bag of meat
   122 | D        | Noticed a bag of meat
   122 | D        | Noticed a destroyer
   122 | D        | Killed a bag of meat
   123 | D        | Noticed a bag of meat
   123 | D        | Killed a bag of meat
   124 | D        | Noticed a meat berserker
   124 | D        | Noticed a meat berserker
   124 | D        | Killed a bag of meat
   125 | D        | Noticed The Defiler
   125 | D        | Noticed a bag of meat
   125 | D        | Killed a meat berserker
   125 | D        | Killed a bag of meat
   125 | D        | Killed a bag of meat
   126 | D        | Noticed a bag of meat
   126 | D        | Noticed a meat berserker
   126 | D        | Killed a bag of meat
   126 | D        | Killed a destroyer
   127 | D        | Noticed a fleshlord
   127 | D        | Killed a bag of meat
   127 | D        | Killed a bag of meat
   127 | D        | Killed a bag of meat
   127 | D        | Mangled by a meat berserker

Action                   |  1- 3 |  4- 6 |  7- 9 | 10-12 | 13-15 | 16-18 | 19-21 | 22-24 | 25-27 || total
-------------------------+-------+-------+-------+-------+-------+-------+-------+-------+-------++-------
Melee: Executioner's axe |     1 |       |       |     1 |     4 |     6 |    14 |    22 |    50 ||    98
